 Dungeon Sprint DCSS version 0.14-a0-2721-g4592d88 (webtiles) character file.

1338 BluebellGnoll the Covert (level 8, -7/36 HPs)
             Began as a Spriggan Enchanter on Feb 18, 2014.
             Was a High Priest of Yredelemnul.
             Mangled by a sixfirhy (8 damage)
             ... in the Dungeon (Sprint VII: "The Pits").
             The game lasted 00:13:39 (1219 turns).

BluebellGnoll the Covert (Spriggan Enchanter)       Turns: 1219, Time: 00:13:39

HP  -7/36        AC  3     Str  4      XL: 8   Next: 35%
MP  24/26        EV 35     Int 18      God: Yredelemnul [*****.]
Gold 0           SH  0     Dex 17      Spells:  6 memorised,  3 levels left

rFire  . . .     SeeInvis +     f - +1,+2 dagger (drain)
rCold  . . .     Clarity  .     b - +1 robe
rNeg   . . .     Conserve .     (shield restricted)
rPois  .         rCorr    .     (helmet restricted)
rElec  .         rRot     .     (no cloak)
SustAb . .       Spirit   .     (gloves unavailable)
rMut   .         Warding  .     (boots unavailable)
Saprov . . .     NoTele   +     (no amulet)
MR     +....                    u - +3 ring of evasion
                                s - +3 ring of evasion

@: very quick, somewhat resistant to hostile enchantments, extremely stealthy
A: unfitting armour, see invisible, herbivore 3, speed 3, slow metabolism 2
a: Animate Dead, Recall Undead Slaves, Injury Mirror, Drain Life, Enslave Soul,
Renounce Religion


You were in the Dungeon.
You worshipped Yredelemnul.
Yredelemnul was extremely pleased with you.
You were not hungry.

You visited 1 branch

Inventory:

Hand weapons
 f - a +1,+2 dagger of draining (weapon)
 v - a +2,+2 cutlass of draining
Missiles
 d - 12 darts (quivered)
Armour
 b - a +1 robe (worn)
Comestibles
 a - 4 bread rations
Scrolls
 k - a scroll of blinking
 m - 2 scrolls of vulnerability
 n - 2 scrolls of remove curse
 o - 2 scrolls of amnesia
 p - a scroll of summoning
Jewellery
 s - a +3 ring of evasion (left hand)
 u - a +3 ring of evasion (right hand)
Potions
 e - a potion of porridge
 g - 6 potions of heal wounds
 h - 2 potions of speed
 i - 2 potions of magic
 j - a potion of berserk rage
 q - a potion of invisibility
 r - 4 potions of curing


   Skills:
 - Level 1.1 Short Blades
 - Level 1.1 Throwing
 + Level 13.5 Dodging
 - Level 13.5 Stealth
 - Level 7.4 Spellcasting
 - Level 13.2 Hexes
 - Level 4.0 Invocations


You had 3 spell levels left.
You knew the following spells:

 Your Spells              Type           Power        Failure   Level  Hunger
a - Corona                Hex            ######.      1%          1    None
b - Ensorcelled Hibernat  Hex/Ice        ####..       1%          2    None
c - Confuse               Hex            ######..     1%          3    ##.....
d - Sure Blade            Hex/Chrm       ####......   1%          2    None
e - Enslavement           Hex            ######..     1%          4    ###....
f - Invisibility          Hex            ######..     10%         6    ######.


Dungeon Overview and Level Annotations

Branches:
Dungeon (1/1)

Altars:
Ashenzari
Cheibriados
Dithmenos
Elyvilon
Fedhas
Kikubaaqudgha
Makhleb
Nemelex Xobeh
Okawaru
Sif Muna
Trog
Vehumet
Xom
Yredelemnul
Zin
The Shining One
Beogh
Jiyva
Lugonu


Innate Abilities, Weirdness & Mutations

You are tiny and cannot use many weapons and most armour.
You have supernaturally acute eyesight.
You are a herbivore.
You cover ground extremely quickly.
You need consume almost no food.


Message History

Aim: a sixfirhy The sixfirhy appears confused.
You catch the helpless sixfirhy completely off-guard!
You impale the sixfirhy!!
The sixfirhy is severely wounded.
The sixfirhy hits you! The sixfirhy shocks you!
The phantom blinks!
Your wraith closely misses the phantom.
Something hits the phantom!
The phantom hits something but does no damage.
The sixfirhy seems less confused.
The phantom hits your wraith but does no damage.
Your wraith hits the phantom but does no damage.
Sigmund barely misses the sixfirhy.
The sixfirhy hits Sigmund!
The sixfirhy shocks Sigmund!
Sigmund is destroyed!
The sixfirhy completely misses you.
The phantom blinks!
The sixfirhy hits you!
* * * LOW HITPOINT WARNING * * *
The sixfirhy shocks you!
You die...
Your body rises from the dead as a mindless zombie.

#......#..#......#
#................#
####'#####''######
#.......##''########
#.......##......'..+
#.......##..).z)'..+
#...<...##.....##..##
#.......##...###....###
#.......##..##..@.....##
#.......##++#...#4.#p..#
##########.......ยง.W...+
##########''#...#..#...#
...#..[[##. ##........##
...#z.[[# ###....###
...Wzz))# ##..##
...#z..)# +..+ ...#..))#
+..+


You could see a sixfirhy, a phantom and a friendly wraith.

Vanquished Creatures
  A spiny frog (D)
  A porcupine (D)
  2 gnoll sergeants (D)
  A gnoll shaman (D)
  A goliath beetle (D)
  An orc wizard (D)
  2 giant centipedes (D)
  4 gnolls (D)
  2 giant mites (D)
  A bat (D)
  A ball python (D)
  A kobold (D)
  A kobold skeleton (D)
19 creatures vanquished.

Vanquished Creatures (collateral kills)
  A shadow wraith (D)
  A cyclops (D)
  An orange demon (D)
  A phantom (D)
  A centaur (D)
  Sigmund (D)
  3 orc priests (D)
  An orc wizard (D)
  2 sheep (D)
  Ijyb (D)
  A giant mite (D)
  2 orcs (D)
  A goblin (D)
17 creatures vanquished.

Vanquished Creatures (others)
  2 flying skulls (D)
  A wight (D)
  A human zombie (D)
  A sheep zombie (D)
  2 giant mite zombies (D)
  5 gnoll zombies (D)
  2 orc zombies (D)
14 creatures vanquished.

Grand Total: 50 creatures vanquished

Notes
Turn   | Place    | Note
--------------------------------------------------------------
     0 | D        | BluebellGnoll, the Spriggan Enchanter, began the quest for the Orb.
     0 | D        | Reached XP level 1. HP: 9/9 MP: 4/4
    14 | D        | Reached skill level 6 in Stealth
    36 | D        | Found a shadowy altar of Dithmenos.
    36 | D        | Found a basalt altar of Yredelemnul.
    36 | D        | Found a deep blue altar of Sif Muna.
    36 | D        | Found a burning altar of Makhleb.
    36 | D        | Found a shimmering altar of Xom.
    36 | D        | Found an ancient bone altar of Kikubaaqudgha.
    36 | D        | Found a sparkling altar of Nemelex Xobeh.
    37 | D        | Found a glowing golden altar of the Shining One.
    37 | D        | Found a bloodstained altar of Trog.
    37 | D        | Found a shattered altar of Ashenzari.
    37 | D        | Found a white marble altar of Elyvilon.
    37 | D        | Found a snail-covered altar of Cheibriados.
    37 | D        | Found a blossoming altar of Fedhas.
    37 | D        | Found a radiant altar of Vehumet.
    37 | D        | Found a glowing silver altar of Zin.
    37 | D        | Found a corrupted altar of Lugonu.
    37 | D        | Found a viscous altar of Jiyva.
    37 | D        | Found a roughly hewn altar of Beogh.
    37 | D        | Found an iron altar of Okawaru.
    40 | D        | Became a worshipper of Yredelemnul the Dark
   133 | D        | Reached skill level 7 in Stealth
   133 | D        | Reached XP level 2. HP: 13/13 MP: 7/7
   135 | D        | Acquired Yredelemnul's first power
   135 | D        | Reached skill level 9 in Stealth
   139 | D        | Learned a level 2 spell: Ensorcelled Hibernation
   139 | D        | Noticed a gnoll shaman
   141 | D        | Reached skill level 10 in Stealth
   141 | D        | Reached XP level 3. HP: 16/16 MP: 9/9
   146 | D        | Killed a gnoll shaman
   146 | D        | Acquired Yredelemnul's second power
   146 | D        | Reached skill level 12 in Stealth
   146 | D        | Reached XP level 4. HP: 19/21 MP: 9/12
   175 | D        | HP: 1/21 [poisoned by a giant centipede]
   298 | D        | Learned a level 3 spell: Confuse
   301 | D        | Learned a level 2 spell: Sure Blade
   392 | D        | Reached skill level 13 in Stealth
   394 | D        | Acquired Yredelemnul's third power
   508 | D        | Noticed Sigmund
   509 | D        | Noticed a porcupine
   530 | D        | Killed a porcupine
   530 | D        | Reached skill level 5 in Spellcasting
   530 | D        | Reached XP level 5. HP: 11/24 MP: 2/20
   546 | D        | Received a gift from Yredelemnul
   699 | D        | Killed Sigmund
   717 | D        | Noticed a gnoll sergeant
   719 | D        | Killed a gnoll sergeant
   719 | D        | Acquired Yredelemnul's fourth power
   719 | D        | Reached XP level 6. HP: 28/28 MP: 20/23
   719 | D        | Received a gift from Yredelemnul
   725 | D        | Learned a level 4 spell: Enslavement
   732 | D        | Learned a level 6 spell: Invisibility
   732 | D        | Noticed a gnoll sergeant
   734 | D        | Killed a gnoll sergeant
   736 | D        | Noticed an orc priest
   736 | D        | Noticed an orc priest
   736 | D        | Noticed an orc wizard
   744 | D        | Killed an orc priest
   752 | D        | Killed an orc wizard
   752 | D        | Reached skill level 10 in Hexes
   754 | D        | Killed an orc priest
   764 | D        | Noticed a centaur
   764 | D        | Noticed a cyclops
   765 | D        | Noticed Ijyb
   777 | D        | Killed Ijyb
   781 | D        | Killed a centaur
   782 | D        | Received a gift from Yredelemnul
   782 | D        | Received a gift from Yredelemnul
   791 | D        | Killed a cyclops
   791 | D        | Reached XP level 7. HP: 16/32 MP: 25/25
  1106 | D        | Noticed a goliath beetle
  1106 | D        | Noticed a spiny frog
  1111 | D        | Killed a goliath beetle
  1111 | D        | Acquired Yredelemnul's fifth power
  1115 | D        | Killed a spiny frog
  1119 | D        | Noticed a phantom
  1120 | D        | Noticed an orc wizard
  1120 | D        | Noticed an orc priest
  1120 | D        | Noticed a shadow wraith
  1121 | D        | Noticed a phantom
  1121 | D        | Noticed an orange demon
  1134 | D        | Killed an orc wizard
  1142 | D        | Killed an orange demon
  1142 | D        | Reached skill level 10 in Dodging
  1142 | D        | Reached XP level 8. HP: 24/36 MP: 26/26
  1143 | D        | Killed an orc priest
  1154 | D        | Killed a shadow wraith
  1163 | D        | Killed a phantom
  1206 | D        | Noticed a sixfirhy
  1218 | D        | Your ally Sigmund died
  1219 | D        | HP: 1/36 [sixfirhy (13)]
  1219 | D        | Mangled by a sixfirhy

Action                   |  1- 3 |  4- 6 |  7- 9 || total
-------------------------+-------+-------+-------++-------
Melee: Dagger            |    11 |    13 |     9 ||    33
 Cast: Corona            |     1 |       |       ||     1
       Ensorcelled Hiber |     1 |     3 |     1 ||     5
       Confuse           |       |     4 |     4 ||     8
       Sure Blade        |       |     3 |       ||     3
Invok: Animate Dead      |       |     4 |     2 ||     6
  Use: Potion            |       |     1 |       ||     1
 Stab: Sleeping          |     6 |     3 |     1 ||    10
       Confused          |       |     3 |     1 ||     4
